 Dungeon Crawl Stone Soup version 0.29-a0-40-g8eb35efe60 (webtiles) character file.

Game seed: 8058373719145160188

428 bande the Covered (level 6, -4/38 HPs)
             Began as a Gargoyle Fighter on Feb 2, 2022.
             Slain by a bullfrog skeleton (5 damage)
             ... on level 5 of the Dungeon.
             The game lasted 00:09:56 (4638 turns).

bande the Covered (Gargoyle Fighter)                Turns: 4638, Time: 00:09:56

Health: -4/38      AC: 16    Str: 20    XL:     6   Next: 98%
Magic:  6/6        EV: 11    Int:  8    God:
Gold:   203        SH:  4    Dex: 11    Spells: 5/5 levels left

rFire   . . .      SeeInvis .   a - +0 war axe
rCold   . . .      Faith    .   c - +0 buckler
rNeg    + . .      Spirit   .   r - +0 chain mail
rPois   ∞          Reflect  .   e - +0 helmet
rElec   +          Harm     .   (no cloak)
rCorr   .          Rampage  .   j - +0 pair of gloves
Will    .....                   (no boots)
Stlth   ..........              (no amulet)
HPRegen 0.12/turn               f - +4 ring of evasion
MPRegen 0.10/turn               (no ring)

@: no status effects
A: sickness immunity, AC +4, negative energy resistance 1, electricity
resistance, torment resistance 1, petrification resistance
a: no special abilities


You were on level 5 of the Dungeon.
You visited 1 branch of the dungeon, and saw 5 of its levels.

You collected 203 gold pieces.

Inventory:

Hand Weapons
 a - a +0 war axe (weapon)
 o - a +0 flail
Armour
 c - a +0 buckler (worn)
 e - a +0 helmet (worn)
 j - a +0 pair of gloves (worn)
 r - a +0 chain mail (worn)
Jewellery
 b - a +6 ring of intelligence
 f - a +4 ring of evasion (left hand)
 g - a ring of magical power
 i - a ring of ice
 n - a ring of magical power
Wands
 t - a wand of iceblast (6)
Potions
 d - 2 potions of might
 h - a potion of cancellation {unknown}
 k - 2 potions of resistance
 l - a potion of heal wounds {unknown}
 m - a potion of berserk rage {unknown}
 p - 3 potions of ambrosia {unknown}
 q - a potion of haste {unknown}
 s - a potion of curing {unknown}


   Skills:
 + Level 4.3 Fighting
 + Level 4.8 Axes
 + Level 4.9 Armour
 + Level 4.1 Shields


You had 5 spell levels left.
You didn't know any spells.
Your spell library contained the following spells:

 Spells                   Type           Power      Damage    Failure   Level
 Pain                     Necr           0%         1d4       99%         1
 Agony                    Necr           0%         N/A       100%        5
 Excruciating Wounds      Necr           0%         N/A       100%        5
 Dispersal                Tloc           0%         N/A       100%        6
 Disjunction              Tloc           0%         N/A       100%        8


Dungeon Overview and Level Annotations

Branches:
Dungeon (5/15)             Temple (0/1) D:5

Altars:
Vehumet


Innate Abilities, Weirdness & Mutations

You are immune to sickness and miasma.
Your stone body is resilient. (AC +4)
You are immune to poison.
You resist negative energy. (rN+)
You are resistant to electric shocks. (rElec)
You are resistant to unholy torment.
You are immune to petrification.


Message History

HP restored.
p - 3 glowing coppery potions (gained 1)
You open the door.
There is an open door here.
You open the door.
An orc priest comes into view. It is wielding a +0 club.
Found a staircase to the Ecumenical Temple.
A bullfrog skeleton comes into view.
Found a stone staircase leading up.
The orc priest calls down the wrath of Beogh upon you.
Beogh smites you!
There is an open door here.
You hit the bullfrog skeleton.
The bullfrog skeleton is lightly damaged.
The bullfrog skeleton completely misses you.
You block the bullfrog skeleton's attack.
You slash the bullfrog skeleton!
The bullfrog skeleton is moderately damaged.
You block the bullfrog skeleton's attack.
The bullfrog skeleton hits you.
The orc priest calls down the wrath of Beogh upon you.
Beogh smites you!
You are too injured to fight recklessly!
You are too injured to fight recklessly!
You are too injured to fight recklessly!
You are too injured to fight recklessly!
You are too injured to fight recklessly!
You are too injured to fight recklessly!
You closely miss the orc priest. You barely miss the bullfrog skeleton.
The bullfrog skeleton hits you but does no damage.
The orc priest barely misses you.
You hit the orc priest.
The orc priest is lightly wounded.
You hit the bullfrog skeleton.
The bullfrog skeleton barely misses you.
The orc priest mumbles some strange prayers to Beogh against you.
Beogh smites you!
* * * LOW HITPOINT WARNING * * *
The bullfrog skeleton hits you.
You die...

.........
#.#.....<..
#.#........
#.#........
#.#........
#.#........
#.#Z.......
#.####.#@o...>..
#......'........
#..###.#........
#.#........
#.######### #.#
#.# #.# #.#


You could see an orc priest and a bullfrog skeleton.

Vanquished Creatures
  An ogre (D:4)
  2 orc priests (D:4)
  2 iguanas (D:4)
  An orc wizard (D:3)
  Robin (D:2)
  3 gnolls (D:4)
  A howler monkey skeleton (D:4)
  5 adders
  A worm (D:3)
  13 orcs (D:3)
  5 bats
  5 endoplasms
  A giant cockroach (D:3)
  15 goblins
  10 hobgoblins
  11 jackals
  7 kobolds
  6 quokkas
  8 ball pythons
  4 frilled lizards
  2 rats
104 creatures vanquished.

Notes
Turn   | Place    | Note
-------+----------+-------------------------------------------
     0 | D:1      | bande the Gargoyle Fighter began the quest for the Orb.
     0 | D:1      | Reached XP level 1. HP: 14/14 MP: 1/1
   471 | D:1      | Reached XP level 2. HP: 19/19 MP: 2/2
  1120 | D:2      | Reached XP level 3. HP: 22/23 MP: 3/3
  1318 | D:2      | Noticed Robin
  1341 | D:2      | Found a faded altar of an unknown god.
  1352 | D:2      | Killed Robin
  1546 | D:2      | Reached XP level 4. HP: 27/29 MP: 4/4
  2394 | D:3      | Found a radiant altar of Vehumet.
  2656 | D:3      | Reached XP level 5. HP: 30/33 MP: 5/5
  3678 | D:3      | Reached XP level 6. HP: 38/38 MP: 6/6
  4502 | D:5      | Entered Level 5 of the Dungeon
  4632 | D:5      | Found a staircase to the Ecumenical Temple.
  4638 | D:5      | HP: 1/38 [orc priest/divine providence (12)]
  4638 | D:5      | Slain by a bullfrog skeleton

Illustrated notes

Levels and vault maps discovered:
D:1:      dpeg_arrival_tiny_f, layout_loops_ring, minmay_misc_feat_pillars,
          grunt_decor_mini_mirrors
D:2:      layout_rooms, hellmonk_ecumenical_altar_arch_garden, uniq_robin
D:3:      layout_loops_ring, lemuel_doored_altar, minmay_cut_off
D:4:      layout_basic
D:5:      layout_basic, jmf_multi_god_temple, minmay_temple_entry_proselytizer,
          nicolae_elemental_shop, nicolae_specific_store,
          small_statue_intersection

Skill      XL: |  1  2  3  4  5 |
---------------+----------------+-----
Axes           | 2 3 4 |  4.8
Armour         | 4 |  4.9
Shields        | 4 |  4.1
Fighting       | 4 |  4.3

Action                   |  1- 3 |  4- 6 || total
-------------------------+-------+-------++-------
Melee: War axe           |    94 |   226 ||   320
  Use: Scroll            |     1 |     4 ||     5
Armor: Scale mail        |    48 |    23 ||    71
       Chain mail        |       |    69 ||    69
Dodge: Dodged            |    75 |   153 ||   228
Block: Buckler           |    31 |    47 ||    78

Table legend: (Time is in decaauts)
 A = Elapsed time spent in this place.
 B = Non-inter-level travel time spent in this place.
 C = Inter-level travel time spent in this place.
 D = Time resting spent in this place.
 E = Time spent auto-exploring this place.
 F = Levels seen in this place.
 G = Mean time per level.
                   A        B        C        D        E       F      G
               +--------+--------+--------+--------+--------+-----+--------+
         Total |   4764 |   4654 |    110 |   1432 |   2338 |   5 |  952.8 |
       Dungeon |   4764 |   4654 |    110 |   1432 |   2338 |   5 |  952.8 |
               +--------+--------+--------+--------+--------+-----+--------+

Top non-repeatable levels by time:
     D:3: 1623 daAuts
     D:4: 1224 daAuts
     D:1: 1112 daAuts
     D:2: 661 daAuts
     D:5: 142 daAuts
